 Dungeon Crawl Stone Soup version 0.27.1-4-g1640c2035a (webtiles) character file.

Game seed: 2684857769605270896

51 saltiestKirin the Insei (level 3, 0/23 HPs)
             Began as an Octopode Transmuter on Nov 3, 2021.
             Was a Follower of Cheibriados.
             Slain by a quokka (4 damage)
             ... on level 2 of the Dungeon.
             The game lasted 00:09:18 (1735 turns).

saltiestKirin the Insei (Octopode Transmuter)       Turns: 1735, Time: 00:09:18

Health: 0/23       AC:  1    Str: 12    XL:     3   Next: 83%
Magic:  6/6        EV: 13    Int: 19    God:    Cheibriados [*.....]
Gold:   53         SH:  0    Dex: 15    Spells: 5/6 levels left

rFire    . . .     SeeInvis .     - Unarmed
rCold    . . .     Faith    .   (no shield)
rNeg     . . .     Spirit   .   (helmet restricted)
rPois    .         Reflect  .   (no amulet)
rElec    .         Harm     .   (no ring)
rCorr    .         Rampage  .   (no ring)
Will     .....                  (no ring)
Stlth    +++.......             (no ring)
HPRegen  0.07/turn              (no ring)
MPRegen  0.10/turn              (no ring)
                                (no ring)
                                (no ring)

@: very slow
A: almost no armour, amphibious, 8 rings, camouflage 1, gelatinous body 1,
(nimble swimmer 1), tentacles
a: Renounce Religion, Bend Time


You were on level 2 of the Dungeon.
You worshipped Cheibriados.
Cheibriados was aware of your devotion.
You visited 1 branch of the dungeon, and saw 2 of its levels.

You collected 53 gold pieces.

Inventory:

Scrolls
 b - a scroll of summoning {unknown}
 c - 2 scrolls of teleportation {unknown}
 e - a scroll of noise {unknown}
 f - a scroll of acquirement {unknown}
Potions
 a - 2 potions of curing {unknown}
 d - a potion of flight {unknown}
 g - 2 potions of haste {unknown}


   Skills:
 + Level 1.0 Fighting
 + Level 2.1 Dodging
 + Level 1.0 Stealth
 + Level 3.7 Unarmed Combat
 + Level 2.4 Spellcasting
 + Level 2.5 Transmutations


You had 5 spell levels left.
You knew the following spells:

 Your Spells              Type           Power      Damage    Failure   Level
a - Beastly Appendage     Tmut           24%        N/A       5%          1

Your spell library contained the following spells:

 Spells                   Type           Power      Damage    Failure   Level
 Wereblood                Tmut           12%        N/A       9%          2
 Animate Skeleton         Necr           4%         N/A       16%         1
 Pain                     Necr           8%         1d4       16%         1
 Spider Form              Tmut/Pois      3%         N/A       28%         3
 Vampiric Draining        Necr           1%         2d6       43%         3
 Ice Form                 Ice/Tmut       7%         N/A       67%         4


Dungeon Overview and Level Annotations

Branches:
Dungeon (2/15)

Altars:
Cheibriados

Shops:
D:1 !

Annotations:
D:2 Sigmund


Innate Abilities, Weirdness & Mutations

You cannot wear most types of armour.
You are amphibious.
You can wear up to eight rings at the same time.
Your skin changes colour to match your surroundings (Stealth+).
Your rubbery body absorbs attacks. (AC +1, EV +1)
((You are camouflaged near water. (Stealth+)))
You have tentacles for arms and can constrict up to eight enemies at once.


Message History

Press: ? - help, Q - select action, (/) - cycle Dir - look around, f - activate One of your tentacles grows a vicious spike.
The ball python hisses angrily.
The ball python misses you. The ball python grabs you.
The ball python constricts you. The ball python bites you.
The ball python constricts you.
You tentacle-slap the ball python.
You kill the ball python!
Cheibriados thoroughly appreciates the change of pace.
A ball python comes into view.
Found 14 gold pieces.
Your transformation is almost over.
An endoplasm comes into view.
The helpless ball python fails to defend itself.
You tentacle-slap the ball python. You grab the ball python.
You pierce the ball python.
You kill the ball python!
Cheibriados thoroughly appreciates the change of pace.
Sigmund the Dreaded comes into view.
He is wielding a +1 scythe of protection.
Sigmund shouts!
You see here 14 gold pieces.
A quokka comes into view.
Found a smoky golden potion.
Your tentacle spike disappears.
An adder comes into view.
Found a stone staircase leading up.
Sigmund barely misses you.
The adder hisses angrily.
You tentacle-slap Sigmund but do no damage.
You grab Sigmund.
You constrict Sigmund, but do no damage.
Sigmund casts a spell at you. You resist with significant effort.
The quokka barely misses you.
You barely miss Sigmund. You squeeze Sigmund.
Sigmund is lightly wounded.
You constrict Sigmund, but do no damage.
The quokka bites you.
Sigmund hits you with a +1 scythe of protection!
* * * LOW HITPOINT WARNING * * *
You release your grip on Sigmund.
The quokka bites you.
You die...

...§.# #.#.###.#
..≈..##### #.#.#
.≈............#.##
§†.#########.# #.#
.#....... ... ...
...###### #.## ### ###
##.# #..# #.. ..# #.#
#.###..# #.# #.# #.#
#.J.r@.# #.# ##.## ...
#...S@##$####.###...####
## #..!..
#..........#..... ###...
######..#....###. ....#
#..#.#...... #.##.
#..#.#..#### ... #.
#..#.#..# .. #<
#..#....# #.......#


You could see Sigmund, an adder, an endoplasm and a quokka.

Vanquished Creatures
  An adder (D:2)
  2 dart slugs (D:2)
  4 orcs (D:2)
  3 ball pythons (D:2)
  5 endoplasms
  3 goblins (D:1)
  A hobgoblin (D:1)
  2 jackals (D:1)
  A quokka (D:2)
  A frilled lizard (D:1)
  4 kobolds
  5 rats
32 creatures vanquished.

Notes
Turn   | Place    | Note
-------+----------+-------------------------------------------
     0 | D:1      | saltiestKirin the Octopode Transmuter began the quest for
                  | the Orb.
     0 | D:1      | Reached XP level 1. HP: 13/13 MP: 3/3
    17 | D:1      | Found Jithus's Distillery.
   378 | D:1      | Reached XP level 2. HP: 18/18 MP: 3/5
   711 | D:1      | You fall into a shaft and drop 1 floor!
   726 | D:2      | Found a faded altar of an unknown god.
   906 | D:2      | Became a worshipper of Cheibriados the Contemplative
   906 | D:2      | Reached * piety under Cheibriados
  1046 | D:2      | Reached XP level 3. HP: 15/23 MP: 4/6
  1418 | D:2      | Reached skill level 1 in Stealth
  1730 | D:2      | Noticed Sigmund
  1735 | D:2      | Slain by a quokka

Illustrated notes

Levels and vault maps discovered:
D:1:      lightli_arrival_maybe_door_vault, layout_loops_ring, serial_shops,
          nicolae_shop_statue_plus
D:2:      layout_loops_ring, shapermc_ecumenical_altar_starsandcircs,
          wad_orctagon, uniq_sigmund

Skill      XL: |  1  2  3 |
---------------+----------+-----
Stealth        | 1 |  1.0
Fighting       | |  1.0
Dodging        | |  2.1
Unarmed Combat | |  3.7
Spellcasting   | |  2.4
Transmutations | |  2.5

Action                   || total
-------------------------++-------
Melee: Unarmed           ||    62
       Kick              ||    23
       Constrict         ||    20
       Tentacles         ||     8
       Punch             ||     1
 Cast: Beastly Appendage ||    21
 Stab: Sleeping          ||     3
Dodge: Dodged            ||    32
